 Dungeon Crawl Stone Soup version 0.30.0-20-g3615ddf2f0 (webtiles) character file.

Game seed: 8769182377553950898

2923 qw the Cleaver (level 9, -2/55 HPs)
             Began as a Gargoyle Fighter on May 31, 2023.
             Was a Follower of Okawaru.
             Slain by an eight-headed hydra (4 damage)
             ... on level 7 of the Dungeon.
             The game lasted 00:03:09 (5975 turns).

qw the Cleaver (Gargoyle Fighter)                   Turns: 5975, Time: 00:03:10

Health: -2/55      AC: 28    Str: 24    XL:     9   Next: 79%
Magic:  10/11      EV: 11    Int:  9    God:    Okawaru [*.....]
Gold:   332        SH: 17    Dex: 15    Spells: 8/8 levels left

rFire   + . .        i - +2 flail (protect)
rCold   . . .        e - +4 kite shield of Knowledge {rPois rF+}
rNeg    + . .        n - +0 chain mail
rPois   inf          (no helmet)
rElec   +            (no cloak)
rCorr   .            (no gloves)
SInv    .            (no boots)
Will    .....        a - amulet of the acrobat Stlth
                     l - +6 ring of dexterity
HPRegen 0.29/turn    b - +4 ring of protection
MPRegen 0.12/turn

%: acrobat
@: heroic, under a protective aura
A: sickness immunity, AC +6, negative energy resistance 1, electricity
resistance, torment resistance 1, petrification resistance
a: Renounce Religion, Heroism


You were on level 7 of the Dungeon.
You worshipped Okawaru.
Okawaru was aware of your devotion.
You visited 2 branches of the dungeon, and saw 8 of its levels.

You collected 332 gold pieces.


Innate Abilities, Weirdness & Mutations

You are immune to sickness and miasma.
Your stone body is resilient. (AC +6)
You are immune to poison.
You resist negative energy. (rN+)
You are resistant to electric shocks. (rElec)
You are resistant to unholy torment.
You are immune to petrification.


   Skills:
 - Level 6.0(11.0) Fighting
 + Level 8.3(13.3) Axes
 - Level 3.1(8.1) Throwing
 - Level 3.2(8.2) Armour
 - Level 2.0(7.0) Dodging
 - Level 8.0(13.0) Shields
 + Level 2.9 Invocations


You had 8 spell levels left.
You didn't know any spells.
Your spell library was empty.

Inventory:

Hand Weapons
 i - a +2 flail of protection (weapon)
 Y - a +2 war axe
Missiles
 g - 2 silver boomerangs (quivered)
Armour
 e - the +4 kite shield of Knowledge (worn) {rPois rF+}
   (You found it on level 2 of the Dungeon)

   rF:        It protects you from fire.
   rPois:     It protects you from poison.
 n - a +0 chain mail (worn)
 o - a +0 plate armour
Jewellery
 a - an amulet of the acrobat (around neck)
 b - a +4 ring of protection (right hand)
 l - a +6 ring of dexterity (left hand)
Scrolls
 f - a scroll of brand weapon {unknown}
 k - 2 scrolls of identify
Potions
 c - a potion of haste
 d - 4 potions of might
 h - a potion of berserk rage {unknown}
 m - a potion of curing

Dungeon Overview and Level Annotations

Branches:
Dungeon (7/15)             Temple (1/1) D:5

Altars:
Cheibriados
Dithmenos
Elyvilon
Fedhas
Gozag
Hepliaklqana
Kikubaaqudgha
Makhleb
Nemelex Xobeh
Okawaru
Qazlal
Ru
Sif Muna
Trog
Uskayaw
Vehumet
Wu Jian
Xom
Yredelemnul
Zin
The Shining One

Shops:
D:2 [


Message History

The eight-headed hydra bites you but does no damage.
You block the eight-headed hydra's attack.
The eight-headed hydra bites you but does no damage. x2
You block the eight-headed hydra's attack.
The eight-headed hydra misses you.
The eight-headed hydra bites you but does no damage.
You hit the eight-headed hydra.
The eight-headed hydra is moderately wounded.
You block the eight-headed hydra's attack. x3
The eight-headed hydra bites you but does no damage.
You block the eight-headed hydra's attack.
The eight-headed hydra closely misses you.
The eight-headed hydra bites you but does no damage.
The eight-headed hydra bites you.
You barely miss the eight-headed hydra.
The eight-headed hydra is moderately wounded.
You block the eight-headed hydra's attack.
The eight-headed hydra barely misses you.
The eight-headed hydra bites you but does no damage.
You block the eight-headed hydra's attack.
The eight-headed hydra bites you but does no damage. x2
The eight-headed hydra barely misses you.
The eight-headed hydra bites you!
You hit the eight-headed hydra.
The eight-headed hydra is moderately wounded.
The eight-headed hydra barely misses you.
You block the eight-headed hydra's attack.
The eight-headed hydra closely misses you.
The eight-headed hydra bites you. x2
The eight-headed hydra bites you but does no damage.
You block the eight-headed hydra's attack.
The eight-headed hydra bites you!
You hit the eight-headed hydra.
The eight-headed hydra is moderately wounded.
You block the eight-headed hydra's attack.
The eight-headed hydra barely misses you. x2
The eight-headed hydra bites you.
You block the eight-headed hydra's attack.
The eight-headed hydra bites you. x3
You die...

#.#
#......###
##.#
#......#
#..#
#......#
..##
##....##
.## ##..##
.# #....#
.#
###7..##
##
#...P.P# #
#..~~.@# #
#..~~D.# #
#.....[# .
##..7### #
#.. ##. ..
#<. #..


You could see an eight-headed hydra.

Vanquished Creatures
  A troll (D:7)
  A wyvern (D:5)
  Eustachio (D:4)
  4 black bears
  2 centaurs
  An ice beast (D:7)
  2 phantoms
  Blork the orc (D:4)
  A gnoll sergeant (D:5)
  A bullfrog (D:6)
  3 scorpions
  5 wights (D:7)
  An electric eel (D:6)
  A crimson imp (D:6)
  An orc priest (D:6)
  6 hounds
  4 jellies
  A gnoll bouda (D:6)
  3 iguanas
  Jessica (D:2)
  Ijyb (D:3)
  Natasha (thrice) (D:4)
  2 orc wizards
  19 gnolls
  6 adders
  A shadow imp (D:7)
  A white imp (D:7)
  An ufetubus (D:5)
  2 worms
  A dart slug (D:1)
  10 orcs
  8 endoplasms
  A giant cockroach (D:1)
  3 goblins
  9 hobgoblins
  3 jackals (D:3)
  5 quokkas
  7 ball pythons
  6 bats
  6 frilled lizards
  A goblin skeleton (D:6)
  A goblin zombie (D:6)
  A hobgoblin zombie (D:6)
  7 kobolds
  A kobold skeleton (D:6)
  An orc skeleton (D:6)
  An orc zombie (D:6)
  3 rats
152 creatures vanquished.

Notes
Turn   | Place    | Note
-------+----------+-------------------------------------------
     0 | D:1      | qw the Gargoyle Fighter began the quest for the Orb.
     0 | D:1      | Reached XP level 1. HP: 14/14 MP: 1/1
     0 | D:1      | 0 ||| qw: Version: 0.2-a-102-gfc559e5
     0 | D:1      | 0 ||| qw: Game counter: 505
     0 | D:1      | 0 ||| qw: Always use a shield: true
     0 | D:1      | 0 ||| qw: God list: Okawaru
     0 | D:1      | 0 ||| qw: Allow faded altars: false
     0 | D:1      | 0 ||| qw: Do Orc after D:15 true
     0 | D:1      | 0 ||| qw: Do second Lair branch before Depths: true
     0 | D:1      | 0 ||| qw: Lair rune preference: random
     0 | D:1      | 0 ||| qw: Plans: Normal, Zot:1-4, Slime:5, God:TSO, Crypt,
                  | Tomb, Pan, Hells, Abyss, Win
     0 | D:1      | 0 ||| PLANNING D:1-11
    71 | D:1      | Reached XP level 2. HP: 19/19 MP: 2/2
   216 | D:1      | 216 ||| DROPPING +0 club.
   444 | D:1      | 444 ||| Stepping ~*~*~tactically~*~*~ (stealth).
   445 | D:1      | 445 ||| Stepping ~*~*~tactically~*~*~ (stealth).
   452 | D:1      | Reached skill level 3 in Axes
   468 | D:1      | 468 ||| Stepping ~*~*~tactically~*~*~ (stealth).
   609 | D:1      | 609 ||| READING scroll labelled IVOES KEOMM.
   610 | D:1      | 610 ||| READING 3 scrolls labelled KUXENUC SAMUTOLIU.
   611 | D:1      | 611 ||| DROPPING 2 scrolls of vulnerability.
   648 | D:2      | 648 ||| STAIRDANCE
   652 | D:1      | Reached XP level 3. HP: 19/23 MP: 3/3
   682 | D:2      | 682 ||| Stepping ~*~*~tactically~*~*~ (stealth).
   703 | D:2      | Identified the +4 kite shield of Knowledge {rPois rF+}
   796 | D:2      | 796 ||| Stepping ~*~*~tactically~*~*~ (stealth).
   828 | D:2      | Found Boejuunyv's Antique Armour Boutique.
   838 | D:2      | 838 ||| SHOPLISTING helmet (112 gold, have 82).
   893 | D:2      | Noticed Jessica
   901 | D:2      | Killed Jessica
   902 | D:2      | Reached XP level 4. HP: 23/28 MP: 4/4
  1060 | D:2      | 1060 ||| UPGRADING to +4 kite shield of Knowledge {rPois
                  | rF+}.
  1070 | D:2      | 1070 ||| DROPPING +0 buckler.
  1071 | D:2      | 1071 ||| READING scroll labelled VAM YMOUNIHEE.
  1072 | D:2      | 1072 ||| READING 2 scrolls labelled QYISUOLULI.
  1073 | D:2      | 1073 ||| READING 2 scrolls labelled DAURYI JIARHAJ.
  1074 | D:2      | 1074 ||| DRINKING 2 yellow potions.
  1075 | D:2      | 1075 ||| DROPPING potion of flight.
  1076 | D:2      | 1076 ||| DROPPING scroll of blinking.
  1077 | D:2      | 1077 ||| DROPPING scroll of fog.
  1116 | D:3      | Noticed Ijyb
  1117 | D:3      | 1117 ||| Stepping ~*~*~tactically~*~*~ (hiding).
  1119 | D:3      | Paralysed by Ijyb for 2 turns
  1125 | D:3      | Paralysed by Ijyb for 3 turns
  1128 | D:3      | Killed Ijyb
  1369 | D:3      | 1369 ||| Stepping ~*~*~tactically~*~*~ (stealth).
  1623 | D:3      | Reached XP level 5. HP: 32/32 MP: 5/5
  1843 | D:3      | Found a faded altar of an unknown god.
  2097 | D:3      | 2097 ||| UPGRADING to +0 chain mail.
  2107 | D:3      | 2107 ||| DROPPING +0 scale mail.
  2108 | D:3      | 2108 ||| UPGRADING to amulet of the acrobat.
  2113 | D:3      | 2113 ||| UPGRADING to +6 ring of dexterity.
  2114 | D:3      | 2114 ||| READING scroll labelled HEGYUNTOCK.
  2115 | D:3      | 2115 ||| READING scroll labelled WULETA XUREHEGU.
  2120 | D:3      | 2120 ||| DRINKING 2 white potions.
  2121 | D:3      | 2121 ||| READING 3 scrolls of identify.
  2121 | D:3      | 2121 ||| IDENTIFYING grey potion
  2122 | D:3      | 2122 ||| READING 2 scrolls of identify.
  2122 | D:3      | 2122 ||| IDENTIFYING clear potion
  2123 | D:3      | 2123 ||| DROPPING potion of invisibility.
  2124 | D:3      | 2124 ||| DROPPING potion of degeneration.
  2177 | D:4      | Found a snail-covered altar of Cheibriados.
  2178 | D:4      | 2178 ||| Stepping ~*~*~tactically~*~*~ (stealth).
  2220 | D:4      | Reached skill level 1 in Dodging
  2400 | D:4      | Noticed Natasha
  2422 | D:4      | HP: 3/32 [orc wizard/magic dart (11)]
  2423 | D:4      | 2423 ||| DRINKING potion of heal wounds.
  2427 | D:4      | Killed Natasha
  2428 | D:4      | Reached XP level 6. HP: 13/37 MP: 6/6
  2447 | D:4      | 2447 ||| Stepping ~*~*~tactically~*~*~ (stealth).
  2450 | D:4      | 2450 ||| Stepping ~*~*~tactically~*~*~ (stealth).
  2558 | D:4      | 2558 ||| DROPPING +0 mace.
  2559 | D:4      | 2559 ||| READING scroll of enchant weapon.
  2559 | D:4      | 2559 ||| ENCHANTING +1 war axe.
  2749 | D:4      | Found a glowing silver altar of Zin.
  2810 | D:4      | Identified the +2 hand axe of Aliaprel {freeze, Stlth+}
  2854 | D:4      | Noticed Natasha
  2858 | D:4      | 2858 ||| Stepping ~*~*~tactically~*~*~ (hiding).
  2859 | D:4      | 2859 ||| Stepping ~*~*~tactically~*~*~ (hiding).
  2860 | D:4      | 2860 ||| Stepping ~*~*~tactically~*~*~ (hiding).
  2867 | D:4      | Killed Natasha
  2868 | D:4      | Reached XP level 7. HP: 39/41 MP: 7/7
  2889 | D:4      | Reached skill level 1 in Throwing
  2933 | D:4      | Noticed Natasha
  2943 | D:4      | Killed Natasha
  3051 | D:4      | 3051 ||| Stepping ~*~*~tactically~*~*~ (hiding).
  3052 | D:4      | 3052 ||| Stepping ~*~*~tactically~*~*~ (hiding).
  3082 | D:4      | Noticed Blork the orc
  3084 | D:4      | 3084 ||| Stepping ~*~*~tactically~*~*~ (hiding).
  3091 | D:4      | Killed Blork the orc
  3107 | D:4      | Noticed Eustachio
  3116 | D:4      | Killed Eustachio
  3117 | D:4      | Reached skill level 6 in Shields
  3339 | D:4      | 3339 ||| UPGRADING to +4 ring of protection.
  3340 | D:4      | 3340 ||| READING scroll labelled WEORPH MADAJUM.
  3341 | D:4      | 3341 ||| READING scroll labelled DITARH PIXZYDGH.
  3342 | D:4      | 3342 ||| READING scroll labelled GIUQ QORHOKKAT.
  3373 | D:4      | 3373 ||| READING 2 scrolls of identify.
  3373 | D:4      | 3373 ||| IDENTIFYING sedimented cyan potion
  3415 | D:5      | Entered Level 5 of the Dungeon
  3437 | D:5      | Found a staircase to the Ecumenical Temple.
  3438 | D:5      | 3438 ||| PLANNING TEMPLE
  3450 | Temple   | Entered the Ecumenical Temple
  3533 | Temple   | 3533 ||| PLANNING OKAWARU WORSHIP
  3606 | Temple   | Became a worshipper of Warmaster Okawaru
  3606 | Temple   | 3606 ||| PLANNING D:1-11
  3633 | D:5      | Reached XP level 8. HP: 48/48 MP: 8/8
  3654 | D:5      | Reached skill level 6 in Axes
  3721 | D:5      | Noticed a wyvern
  3728 | D:5      | Killed a wyvern
  3729 | D:5      | Reached skill level 3 in Throwing
  3865 | D:5      | Reached * piety under Okawaru
  3866 | D:5      | 3866 ||| INVOKING Heroism.
  4017 | D:5      | 4017 ||| DROPPING +0 flail.
  4229 | D:5      | 4229 ||| DRINKING 2 cyan potions.
  4244 | D:6      | 4244 ||| Stepping ~*~*~tactically~*~*~ (stealth).
  4245 | D:6      | 4245 ||| Stepping ~*~*~tactically~*~*~ (stealth).
  4248 | D:6      | 4248 ||| Stepping ~*~*~tactically~*~*~ (hiding).
  4249 | D:6      | 4249 ||| Stepping ~*~*~tactically~*~*~ (hiding).
  4250 | D:6      | 4250 ||| Stepping ~*~*~tactically~*~*~ (hiding).
  4252 | D:6      | 4252 ||| Stepping ~*~*~tactically~*~*~ (hiding).
  4258 | D:6      | 4258 ||| FLEEEEING.
  4259 | D:6      | 4259 ||| STAIRDANCE
  4326 | D:6      | 4326 ||| Stepping ~*~*~tactically~*~*~ (stealth).
  4332 | D:6      | 4332 ||| Stepping ~*~*~tactically~*~*~ (stealth).
  4349 | D:6      | Found a glowing golden altar of the Shining One.
  4361 | D:6      | 4361 ||| Stepping ~*~*~tactically~*~*~ (stealth).
  4362 | D:6      | 4362 ||| Stepping ~*~*~tactically~*~*~ (stealth).
  4368 | D:6      | 4368 ||| Stepping ~*~*~tactically~*~*~ (stealth).
  4486 | D:6      | 4486 ||| Stepping ~*~*~tactically~*~*~ (stealth).
  4488 | D:6      | 4488 ||| INVOKING Heroism.
  4526 | D:6      | Found a white marble altar of Elyvilon.
  4697 | D:6      | 4697 ||| Stepping ~*~*~tactically~*~*~ (stealth).
  4703 | D:6      | 4703 ||| INVOKING Heroism.
  4705 | D:6      | Reached XP level 9. HP: 54/54 MP: 6/9
  4764 | D:6      | 4764 ||| INVOKING Heroism.
  4765 | D:6      | 4765 ||| INVOKING Heroism.
  4788 | D:6      | Found a hide-covered altar of Uskayaw.
  4851 | D:6      | Found a burning altar of Makhleb.
  4891 | D:6      | 4891 ||| Stepping ~*~*~tactically~*~*~ (stealth).
  4897 | D:6      | 4897 ||| Stepping ~*~*~tactically~*~*~ (hiding).
  4925 | D:6      | Found a sacrificial altar of Ru.
  4930 | D:6      | 4930 ||| Stepping ~*~*~tactically~*~*~ (hiding).
  4945 | D:6      | 4945 ||| Stepping ~*~*~tactically~*~*~ (hiding).
  5122 | D:6      | 5122 ||| Stepping ~*~*~tactically~*~*~ (stealth).
  5125 | D:6      | 5125 ||| Stepping ~*~*~tactically~*~*~ (hiding).
  5126 | D:6      | 5126 ||| Stepping ~*~*~tactically~*~*~ (hiding).
  5129 | D:6      | 5129 ||| INVOKING Heroism.
  5329 | D:7      | Found an ornate altar of the Wu Jian Council.
  5330 | D:7      | 5330 ||| Stepping ~*~*~tactically~*~*~ (hiding).
  5331 | D:7      | 5331 ||| Stepping ~*~*~tactically~*~*~ (hiding).
  5332 | D:7      | 5332 ||| Stepping ~*~*~tactically~*~*~ (hiding).
  5379 | D:7      | 5379 ||| Stepping ~*~*~tactically~*~*~ (hiding).
  5385 | D:7      | Reached skill level 6 in Fighting
  5392 | D:7      | 5392 ||| INVOKING Heroism.
  5392 | D:7      | HP: 12/55 [wight/+3 spear of freezing (3)]
  5393 | D:7      | 5393 ||| READING scroll of teleportation.
  5397 | D:7      | Found a blossoming altar of Fedhas.
  5586 | D:7      | Found a hazy altar of Hepliaklqana.
  5602 | D:7      | Reached skill level 1 in Invocations
  5633 | D:7      | Found a shimmering blue altar of Sif Muna.
  5886 | D:7      | Noticed a troll
  5887 | D:7      | 5887 ||| INVOKING Heroism.
  5899 | D:7      | Killed a troll
  5959 | D:7      | Found the +1 robe of Vines {NoPotionHeal Regen++++}
  5964 | D:7      | Noticed an eight-headed hydra
  5965 | D:7      | 5965 ||| INVOKING Heroism.
  5967 | D:7      | 5967 ||| SWAPPING to +2 flail of protection.
  5974 | D:7      | HP: 10/55 [eight-headed hydra (9)]
  5975 | D:7      | HP: 4/55 [eight-headed hydra (6)]
  5975 | D:7      | Slain by an eight-headed hydra

Levels and vault maps discovered:
D:1:      dpeg_arrival_houses_and_road, layout_rooms, kennysheep_boxes
D:2:      layout_rooms, serial_shops, shop, hex_tiny,
          chequers_serial_rivers_small_b, uniq_jessica
D:3:      layout_loops_corners, ebering_ecumenical_altar_sacrificial,
          minmay_quantized, uniq_ijyb
D:4:      layout_basic, mainiacjoe_overflow_chevrons, cheibriados_altar_1,
          uniq_blork_the_orc, uniq_natasha, uniq_eustachio
D:5:      layout_cave_pools, minmay_temple_entry_junction,
          chequers_serial_rivers_room_b
D:6:      layout_basic, nicolae_tso_besieged_by_evil, overflow_temple_1_default,
          nicolae_elyvilon_temple_path, nicolae_overflow_crystal_walls,
          overflow_temple_1_default, kennysheep_decorative_pillar,
          bh_walls_and_bars
D:7:      layout_loops_ring, mainiacjoe_overflow_concentric_impassable, tgw_sif,
          mainiacjoe_overflow_six_doors_small,
          mainiacjoe_overflow_cross_hatched, hellmonk_guarded_unrand_vines
Temple:   hellmonk_temple_flake

Skill      XL: |  1  2  3  4  5  6  7  8  9 |
---------------+----------------------------+-----
Axes           | 2 3 4 5 7 8 |  8.3
Shields        | 4 5 6 7 8 |  8.0
Dodging        | 1 2 |  2.0
Throwing       | 1 3 |  3.1
Fighting       | 4 5 6 |  6.0
Invocations    | 2 |  2.9
Armour         | |  3.2

Action                     |  1- 3 |  4- 6 |  7- 9 || total
---------------------------+-------+-------+-------++-------
  Melee: War axe           |    96 |   127 |   200 ||   423
         Flail             |       |       |     8 ||     8
  Throw: Boomerang         |       |    35 |    16 ||    51
         Javelin           |       |       |    51 ||    51
 Invoke: Heroism           |       |       |     8 ||     8
    Use: Scroll            |     2 |     8 |     5 ||    15
         Potion            |       |     3 |     1 ||     4
   Stab: Distracted        |       |       |     1 ||     1
 Armour: Scale mail        |    54 |    24 |       ||    78
         Chain mail        |       |    47 |   103 ||   150
  Dodge: Dodged            |    52 |    54 |    83 ||   189
  Block: Buckler           |    19 |       |       ||    19
         Kite shield       |       |    85 |   180 ||   265

Table legend:
 A = Non-vault XP
 B = Vault XP
 C = Vault XP percentage of total XP
 D = Non-vault monster count
 E = Vault monster count
 F = Vault count percentage of total count
                 A         B        C        D         E       F
            +---------+---------+-------+---------+---------+-------
      Total |    3330 |     847 |  20.3 |     133 |      19 |  12.5
            +---------+---------+-------+---------+---------+-------
        D:1 |      38 |       0 |   0.0 |      23 |       0 |   0.0
        D:2 |      16 |      37 |  69.8 |       9 |       1 |  10.0
        D:3 |      48 |      56 |  53.8 |      20 |       6 |  23.1
        D:4 |     553 |     324 |  36.9 |      23 |       3 |  11.5
        D:5 |     910 |       0 |   0.0 |      19 |       0 |   0.0
        D:6 |    1152 |      52 |   4.3 |      30 |       7 |  18.9
        D:7 |     613 |     378 |  38.1 |       9 |       2 |  18.2
            +---------+---------+-------+---------+---------+-------
